 Dungeon Crawl Stone Soup version 0.30-a0-949-g53dc5368d7 (webtiles) character file.

Game seed: 12738438469365384540

8541 DeathPants the Thaumaturge (level 11, -7/60 HPs)
             Began as a Vine Stalker Gladiator on Mar 27, 2023.
             Was an Initiate of Gozag.
             Mangled by a two-headed ogre
             ... wielding a +0 giant club
              (11 damage)
             ... on level 10 of the Dungeon.
             The game lasted 00:27:08 (8546 turns).

DeathPants the Thaumaturge (Vine Stalker Gladiator) Turns: 8546, Time: 00:27:10

Health: -7/60      AC: 14    Str: 20    XL:     11   Next: 32%
Magic:  0/24       EV: 14    Int: 10    God:    Gozag
Gold:   1276       SH:  0    Dex: 18    Spells: 11/26 levels left

rFire   + . .      SeeInvis .    b - +2 dagger (pain)
rCold   + . .      Faith    .    (no shield)
rNeg    . . .      Spirit   +    n - +1 robe {rC+ rF+}
rPois   .          Reflect  .    A - +2 hat
rElec   .          Rampage  .    (no cloak)
rCorr   .                        E - +1 pair of gloves {Str+3}
Will    +....                    K - +2 pair of boots
Stlth   ++                       (no amulet)
HPRegen 1.10/turn                F - ring of wizardry
MPRegen 0.19/turn                r - +4 ring of protection

@: about to teleport, slowed, studying Translocations, very slow
A: fangs 3, regeneration 1, magic shield, antimagic bite, no potion heal 2
a: Renounce Religion, Potion Petition, Call Merchant, Bribe Branch


You were on level 10 of the Dungeon.
You worshipped Gozag.
Gozag was most pleased with you.
You visited 2 branches of the dungeon, and saw 13 of its levels.

You collected 1709 gold pieces.
You spent 369 gold pieces at shops.
You paid 64 gold pieces to Gozag.

Inventory:

Hand Weapons
 a - a +0 rapier
 b - a +2 dagger of pain (weapon)
 q - a +1 dagger of venom
Missiles
 s - 4 atropa-tipped darts (quivered)
 y - 29 poisoned darts
 H - 12 boomerangs
 I - 3 boomerangs of dispersal
 L - a javelin
Armour
 n - a +1 robe of resistance (worn)
 A - a +2 hat (worn)
 E - a +1 pair of gloves of strength (worn)
 K - a +2 pair of boots (worn)
Jewellery
 g - a ring of fire
 m - a ring of magical power
 r - a +4 ring of protection (right hand)
 x - a +6 ring of dexterity
 F - a ring of wizardry (left hand)
 G - a ring of resist corrosion
Wands
 d - a wand of polymorph (4)
 h - a wand of roots (5)
 k - a wand of charming (9)
 N - a wand of acid (3)
Scrolls
 f - 3 scrolls of vulnerability
 j - a scroll of silence
 t - 2 scrolls of amnesia
 v - 4 scrolls of teleportation
 C - 2 scrolls of fog
 M - a scroll of immolation {unknown}
Potions
 c - 2 potions of cancellation
 e - a potion of flight {unknown}
 i - 2 potions of berserk rage
 l - 3 potions of lignification
 o - a potion of brilliance
 p - 4 potions of attraction
 u - a potion of invisibility
 w - a potion of magic
 z - 2 potions of mutation
 D - 2 potions of curing
 J - a potion of haste


   Skills:
 + Level 8.0 Fighting
 + Level 8.3 Short Blades
 - Level 1.7 Throwing
 - Level 3.8 Dodging
 + Level 8.4 Spellcasting
 + Level 7.6 Necromancy
 + Level 3.4 Earth Magic


You had 11 spell levels left.
You knew the following spells:

 Your Spells              Type           Power      Damage    Failure   Level
a - Dispel Undead         Necr           19%        3d11      2%          4
b - Borgnjor's Vile Clut  Necr/Erth      7%         N/A       19%         5
c - Death Channel         Necr           9%         N/A       38%         6

Your spell library contained the following spells:

 Spells                   Type           Power      Damage    Failure   Level
 Sublimation of Blood     Necr           19%        N/A       1%          2
 Cigotuvi's Dreadful Rot  Necr/Pois/Air  18%        N/A       3%          2
 Summon Small Mammal      Summ           16%        N/A       6%          1
 Call Canine Familiar     Summ           4%         N/A       19%         3
 Inner Flame              Hex/Fire       4%         N/A       19%         3
 Ozocubu's Armour         Ice            4%         N/A       19%         3
 Summon Guardian Golem    Hex/Summ       4%         N/A       19%         3
 Petrify                  Tmut/Erth      7%         N/A       30%         4
 Flame Wave               Conj/Fire      4%         2d5       52%         4
 Sticky Flame             Conj/Fire      4%         2d3       52%         4
 Alistair's Intoxication  Tmut/Pois      2%         N/A       85%         5
 Irradiate                Conj/Tmut      2%         3d12      85%         5
 Metabolic Englaciation   Hex/Ice        2%         N/A       85%         5
 Statue Form              Tmut/Erth      4%         N/A       99%         6
 Eringya's Noxious Bog    Tmut/Pois      2%         N/A       100%        6
 Chain Lightning          Conj/Air       2%         3d2       100%        9
 Fire Storm               Conj/Fire      2%         8d1       100%        9
 Shatter                  Erth           5%         3d8*      100%        9
 Simulacrum               Ice/Necr       Unusable   N/A       N/A         6

Dungeon Overview and Level Annotations

Branches:
Dungeon (12/15)            Temple (1/1) D:4             Orc (0/2) D:10
   Lair: D:8-11

Altars:
Ashenzari
Cheibriados
Dithmenos
Elyvilon
Fedhas
Gozag
Hepliaklqana
Kikubaaqudgha
Makhleb
Nemelex Xobeh
Okawaru
Qazlal
Ru
Sif Muna
Trog
Vehumet
Wu Jian
Xom
Yredelemnul
The Shining One

Shops:
D:1 =   D:6 [


Innate Abilities, Weirdness & Mutations

You have razor-sharp teeth.
Your natural rate of healing is unusually fast.
When hurt, damage is shared between your health and your magic reserves.
Your bite disrupts and absorbs the magic of your enemies.
Potions cannot restore your health.


Message History

The wraith hits you but does no damage.
There is a stone staircase leading up here.
The two-headed ogre misses you.
The two-headed ogre hits you with a +0 giant club!
* * * LOW HITPOINT WARNING * * *
The wraith misses you. The wraith hits you but does no damage.
You climb upwards.
There is a stone staircase leading down here.
Blink to where?
Press: ? - help, Dir - move target
As you read the scroll of blinking, it crumbles to dust.
You open the door.
There is an open door here.
The two-headed ogre barely misses you. x2
The two-headed ogre attacks as you move away!
The two-headed ogre hits you but does no damage.
The two-headed ogre barely misses you.
The two-headed ogre attacks as you move away!
The two-headed ogre hits you with a +0 giant club.
The two-headed ogre hits you with a +0 giant club!
* * * LOW HITPOINT WARNING * * *
The wraith misses you.
There is a stone staircase leading up here.
As you read the scroll of teleportation, it crumbles to dust.
You feel strangely unstable.
The two-headed ogre hits you with a +0 giant club!
* * * LOW HITPOINT WARNING * * *
The two-headed ogre completely misses you.
The wraith barely misses you.
The two-headed ogre attacks as you move away!
The two-headed ogre closely misses you. x2; The wraith hits you!
* * * LOW HITPOINT WARNING * * *
The wraith drains your vigour!
You feel as though you will be slow longer.
The two-headed ogre attacks as you move away!
The two-headed ogre misses you. The two-headed ogre barely misses you.
The two-headed ogre attacks as you move away!
The two-headed ogre hits you with a +0 giant club!
You die...
Your body crumbles into a pile of gold.

#......# ##..# #.##.....##
#.....## #..# #.........#
#.....# #..# ####.....##
#..W..# ##..#######...##
#.....# ##............##
####.## ##.....#######.#
##..# ##.......######.###
###...####.................#
.........'....# #.
##+###.........# #
#########.# $ #.# #.#


You could see a two-headed ogre and a wraith.

Vanquished Creatures
  4 two-headed ogres
  A troll (D:10)
  2 hornets
  Sigmund (D:5)
  A vampire (D:11)
  A shadow (D:7)
  3 yaks (D:10)
  2 wyverns
  A basilisk (D:11)
  A steam dragon (D:8)
  6 vampire mosquitoes (D:10)
  3 water moccasins
  An acid dragon (D:9)
  4 orc warriors
  An ice beast (D:6)
  2 black bears
  A sky beast (D:8)
  4 centaurs
  An ogre (D:10)
  A kobold brigand (D:7)
  A gnoll sergeant (D:6)
  A bullfrog (D:7)
  4 scorpions
  3 wights (D:7)
  3 killer bees (D:7)
  3 electric eels (D:6)
  4 orc priests
  A hound (D:6)
  5 jellies
  Jessica (D:2)
  A sleepcap (D:6)
  An iguana (D:7)
  16 orc wizards
  6 adders
  9 gnolls
  2 worms
  2 dart slugs (D:2)
  48 orcs
  12 ball pythons
  5 bats
  5 endoplasms
  3 giant cockroaches
  5 goblins
  4 hobgoblins
  4 jackals (D:2)
  5 quokkas
  3 frilled lizards
  9 kobolds
  7 rats
214 creatures vanquished.

Vanquished Creatures (others)
  3 fungi (D:2)
  15 plants
18 creatures vanquished.

Grand Total: 232 creatures vanquished

Notes
Turn   | Place    | Note
-------+----------+-------------------------------------------
     0 | D:1      | DeathPants the Vine Stalker Gladiator began the quest for
                  | the Orb.
     0 | D:1      | Reached XP level 1. HP: 11/11 MP: 2/2
    81 | D:1      | Reached XP level 2. HP: 11/15 MP: 3/3
   212 | D:1      | Found Xase's Jewellery Emporium.
   395 | D:2      | Noticed Jessica
   479 | D:1      | Reached skill level 1 in Spellcasting
   479 | D:1      | Reached XP level 3. HP: 13/18 MP: 5/5
   521 | D:2      | Killed Jessica
   676 | D:1      | Gained mutation: Your natural rate of healing is unusually
                  | fast. [Vine Stalker growth]
   676 | D:1      | Reached XP level 4. HP: 22/23 MP: 7/7
  2018 | D:4      | Reached XP level 5. HP: 27/28 MP: 5/9
  2393 | D:4      | Found a staircase to the Ecumenical Temple.
  2401 | D:4      | Noticed a black bear
  2427 | D:4      | Killed a black bear
  2428 | D:4      | Reached XP level 6. HP: 32/32 MP: 9/11
  2445 | Temple   | Entered the Ecumenical Temple
  2475 | Temple   | Became a worshipper of Gozag Ym Sagoz the Greedy
  2567 | D:5      | Entered Level 5 of the Dungeon
  2829 | D:4      | Reached XP level 7. HP: 36/36 MP: 9/12
  3088 | D:4      | Found an ancient bone altar of Kikubaaqudgha.
  3088 | D:4      | Found a stormy altar of Qazlal.
  3096 | D:4      | Found a shimmering altar of Xom.
  3099 | D:4      | Found a glowing golden altar of the Shining One.
  3101 | D:4      | Found a bloodstained altar of Trog.
  3168 | D:4      | Learned a level 4 spell: Dispel Undead
  3467 | D:6      | Reached skill level 1 in Necromancy
  3534 | D:5      | Noticed Sigmund
  3567 | D:5      | Killed Sigmund
  4009 | D:6      | Gained mutation: You have razor-sharp teeth. [Vine Stalker
                  | growth]
  4009 | D:6      | Reached XP level 8. HP: 42/42 MP: 15/15
  4150 | D:7      | Reached skill level 5 in Short Blades
  4429 | D:6      | Reached skill level 5 in Fighting
  4429 | D:6      | Reached skill level 5 in Spellcasting
  4641 | D:6      | Reached XP level 9. HP: 47/47 MP: 17/17
  4712 | D:6      | Found Xautir's Antique Armour Boutique.
  4720 | D:6      | Bought a pair of translucent boots for 266 gold pieces
  4720 | D:6      | Identified the +0 pair of boots of Zileoqus {Str-3 Dex+4}
                  | (You bought it in a shop on level 6 of the Dungeon)
  4720 | D:6      | Bought an embroidered robe for 103 gold pieces
  5197 | D:7      | Learned a level 5 spell: Borgnjor's Vile Clutch
  5204 | D:7      | Learned a level 6 spell: Death Channel
  5206 | D:7      | Noticed a two-headed ogre
  5217 | D:7      | Killed a two-headed ogre
  5335 | D:7      | Reached skill level 5 in Necromancy
  5539 | D:8      | Noticed a hornet
  5553 | D:7      | Killed a hornet
  6042 | D:8      | Noticed a hornet
  6047 | D:8      | Paralysed by a hornet for 1 turns
  6055 | D:8      | Killed a hornet
  6056 | D:8      | Reached XP level 10. HP: 29/53 MP: 21/21
  6697 | D:10     | Entered Level 10 of the Dungeon
  6844 | D:9      | Noticed a two-headed ogre
  6850 | D:9      | Killed a two-headed ogre
  7035 | D:9      | Identified the +4 dagger "Sewaf" {freeze, Str+2}
  7235 | D:9      | Noticed a two-headed ogre
  7245 | D:9      | Killed a two-headed ogre
  7246 | D:9      | Reached skill level 1 in Earth Magic
  7415 | D:9      | You fall into a shaft and drop 2 floors!
  7480 | D:11     | Noticed an elephant
  7625 | D:11     | Noticed a two-headed ogre
  7639 | D:11     | Killed a two-headed ogre
  7640 | D:11     | Reached XP level 11. HP: 20/58 MP: 6/24
  7897 | D:10     | Found a staircase to the Orcish Mines.
  8516 | D:11     | Noticed a two-headed ogre
  8544 | D:10     | HP: 2/60 [wraith (6)]
  8546 | D:10     | Mangled by a two-headed ogre

Illustrated notes

Levels and vault maps discovered:
D:1:      tarquinn_simple_flora_water_c, layout_basic, serial_shops, shop
D:2:      layout_basic, minmay_shallow_snake_nest, uniq_jessica
D:3:      layout_loops_ring
D:4:      layout_rooms, chequers_temple_overflow_minitemple,
          minmay_temple_entry_waves, nicolae_grassy_gnolls
D:5:      layout_loops_ring, item_on_display_a, uniq_sigmund
D:6:      minmay_flawed_box, layout_loops_ring, serial_bayou,
          serial_bayou_pond_d, serial_bayou_lake_a, serial_bayou_pond_a,
          serial_bayou_pond_e, serial_bayou_pond_d, serial_bayou_lagoon_a,
          serial_shops, nicolae_shop_stone, hangedman_decor_push
D:7:      layout_loops_ring, kennysheep_flooded_box, minmay_misc_feat_doors
D:8:      layout_gridville, minivault_10
D:9:      layout_stronghold
D:10:     layout_loops_corners, mainiacjoe_overflow_catwalk_spiral, erik_orc_3
D:11:     argonaut_augean_stables, layout_irregular_city, david_lair_generic,
          uniq_sonja
D:12:     layout_loops_ring, nicolae_trove_entry_crystal, gauntlet_entry_generic
Temple:   eino_wide_crystal_templ

Skill      XL: |  1  2  3  4  5  6  7  8  9 10 11 |
---------------+----------------------------------+-----
Fighting       | 2 3 4 5 6 7 8 |  8.0
Short Blades   | 3 4 5 6 7 8 |  8.3
Spellcasting   | 1 2 3 4 5 6 8 |  8.4
Dodging        | 3 |  3.8
Necromancy     | 2 4 5 7 |  7.6
Earth Magic    | 2 3 |  3.4
Throwing       | |  1.7

Action                     |  1- 3 |  4- 6 |  7- 9 | 10-12 || total
---------------------------+-------+-------+-------+-------++-------
  Melee: Rapier            |    34 |   126 |    83 |       ||   243
         Bite              |    16 |    69 |   101 |   114 ||   300
         Dagger            |    30 |   103 |   185 |   320 ||   638
         Punch             |     2 |     2 |     4 |    10 ||    18
  Throw: Throwing net      |       |     1 |     4 |     2 ||     7
         Dart              |       |       |     5 |       ||     5
         Javelin           |       |       |     1 |     1 ||     2
   Cast: Dispel Undead     |       |       |       |     2 ||     2
    Use: Scroll            |       |    12 |     9 |     5 ||    26
         Potion            |       |       |       |     1 ||     1
   Stab: Held in net/web   |       |     2 |     2 |     4 ||     8
         Sleeping          |       |     1 |     3 |     2 ||     6
         Distracted        |       |       |     1 |     3 ||     4
 Armour: Ring mail         |    28 |    94 |    58 |       ||   180
         Robe              |       |       |    28 |   101 ||   129
  Dodge: Dodged            |    36 |   122 |   131 |   184 ||   473

Table legend: (Time is in decaauts)
 A = Elapsed time spent in this place.
 B = Non-inter-level travel time spent in this place.
 C = Inter-level travel time spent in this place.
 D = Time resting spent in this place.
 E = Time spent auto-exploring this place.
 F = Levels seen in this place.
 G = Mean time per level.
                   A        B        C        D        E       F      G
               +--------+--------+--------+--------+--------+-----+--------+
         Total |   8436 |   8216 |    220 |    406 |   5123 |  13 |  648.9 |
       Dungeon |   8387 |   8184 |    203 |    406 |   5109 |  12 |  698.9 |
        Temple |     48 |     31 |     17 |      0 |     14 |   1 |   48.0 |
               +--------+--------+--------+--------+--------+-----+--------+

Top non-repeatable levels by time:
     D:6: 1205 daAuts
     D:9: 917 daAuts
     D:7: 849 daAuts
     D:2: 839 daAuts
     D:4: 811 daAuts
     D:8: 762 daAuts
     D:3: 728 daAuts
     D:5: 725 daAuts
     D:1: 691 daAuts
    D:10: 441 daAuts
    D:11: 408 daAuts
  Temple: 48 daAuts
    D:12: 7 daAuts
